 Dungeon Crawl Stone Soup version 0.20.1-1-g8b1a95d (webtiles) character file.

8355 Jazqa the Fighter (level 11, 0/74 HPs)
             Began as a Gargoyle Fighter on Oct 25, 2017.
             Was a High Priest of the Shining One.
             Slain by a komodo dragon (24 damage)
             ... on level 1 of the Lair of Beasts on Oct 26, 2017.
             The game lasted 00:22:28 (9323 turns).

Jazqa the Fighter (Gargoyle Fighter)                Turns: 9323, Time: 00:22:29

Health: 0/74       AC: 21    Str: 21    XL:     11   Next: 29%
Magic:  13/16      EV:  9    Int:  8    God:    the Shining One [*****.]
Gold:   626        SH: 16    Dex: 12    Spells: 10/10 levels left

rFire    + . .     SeeInvis .   x - +2 flail (crush)
rCold    . . .     Gourm    .   i - +2 buckler
rNeg     + + +     Faith    .   z - +0 fire dragon scales
rPois    ∞         Spirit   .   k - +0 helmet
rElec    +         Reflect  .   (no cloak)
rCorr    +         Harm     .   (no gloves)
MR       .....                  I - +0 pair of boots
Stlth    ..........             (no amulet)
Regen    0.3/turn               C - ring of ice
MPRegen  0.2/turn               R - ring of resist corrosion

@: divine shield, glowing
A: negative energy resistance 1, electricity resistance, unbreathing,
petrification resistance, rot immunity, AC +7
a: Divine Shield, Cleansing Flame, Summon Divine Warrior, Renounce Religion


You were on level 1 of the Lair of Beasts.
You worshipped the Shining One.
The Shining One was extremely pleased with you.
You were not hungry.

You visited 2 branches of the dungeon, and saw 11 of its levels.
You also visited: Ossuary.

You collected 626 gold pieces.


Innate Abilities, Weirdness & Mutations

You are resistant to torment.
Your stone body is resilient. (AC +7)
You are immune to poison.
You resist negative energy. (rN+)
You are resistant to electric shocks. (rElec)
You can survive without breathing.
You are immune to petrification.
You are immune to rotting.


   Skills:
 + Level 11.2 Fighting
 + Level 9.9 Maces & Flails
 + Level 8.7 Armour
 - Level 4.0 Shields
 + Level 7.5 Invocations


You had 10 spell levels left.
You didn't know any spells.

Inventory:

Hand Weapons
 x - a +2 flail of crushing (weapon)
Missiles
 w - a throwing net {=f}
Armour
 i - a +2 buckler (worn)
 k - a +0 helmet (worn)
 z - +0 fire dragon scales (worn)
 I - a +0 pair of boots (worn)
Jewellery
 C - a ring of ice (left hand)
 R - a ring of resist corrosion (right hand)
 Z - an uncursed ring of wizardry
Wands
 y - a wand of polymorph (12/24)
 H - a wand of iceblast (4/15)
 M - a wand of disintegration (12/24)
 N - a wand of confusion (18/48)
 O - a wand of disintegration (16/24)
Scrolls
 a - 2 scrolls of amnesia
 g - 6 scrolls of remove curse {@r2}
 h - 5 scrolls of teleportation {@r4}
 r - a scroll of enchant weapon
 s - 4 scrolls of fog
 v - 3 scrolls of identify {@r1}
 B - a scroll of magic mapping
Potions
 c - 5 potions of heal wounds {@q2}
 d - a potion of degeneration {unknown}
 e - 2 potions of flight
 j - 6 potions of curing {@q1}
 o - 3 potions of magic
 p - 4 potions of brilliance
 A - a potion of resistance
 J - 2 potions of might
 P - 2 potions of agility {unknown}
Books
 G - a book of Callings

   Spells                             Type                      Level
   a - Summon Small Mammal            Summoning                    1
   b - Call Imp                       Summoning                    2
   c - Call Canine Familiar           Summoning                    3
   d - Summon Guardian Golem          Hexes/Summoning              3
   e - Summon Lightning Spire         Summoning/Air                4
   f - Summon Ice Beast               Ice/Summoning                4
Comestibles
 f - 6 bread rations {@e1}
 l - 8 chunks of flesh
 n - 17 royal jellies {@e3}
 q - 12 fruits {@e2}
 u - a meat ration {@e1}

Dungeon Overview and Level Annotations

Branches:
Dungeon (9/15)             Temple (0/1) D:5            Lair (2/6) D:9
  Snake (0/4) Lair:2
  Swamp: Lair:2-4    Shoals: Lair:2-4       Orc: D:9-12

Altars:
Cheibriados
Dithmenos
Elyvilon
Fedhas
Gozag
Hepliaklqana
Makhleb
Nemelex Xobeh
Ru
Sif Muna
Trog
Uskayaw
Xom
Zin
The Shining One

Shops:
D:5 *

Annotations:
D:3 2 transporters

### ##P##.###.##
##.######........... ##
#.........###.###.#( .##
##.#####.#)##..##P...
..######## #..#
#≈≈.#≈#..###P≈P .........#
##.####≈≈P≈###.#.≈≈≈≈
..####.#.#
#...##≈≈≈P###...P≈PP .##
###.#######.##.♣≈P≈####≈P≈PP
.#
#..#....#@..PP≈P......≈♣PP
.#
#.......YlY.P≈♣≈P...≈P≈≈≈≈
.#
###.###.....≈P≈≈PP≈.P≈≈PP.
.# ### #......P♣♣PPPPP≈♣.≈#
.## #....#P.♣♣≈PPPP♣P.## ..#
#.....#.≈≈♣♣P♣♣≈.P# .≈#
#......≈P≈♣♣♣≈≈≈..## ≈###
#....##≈PP♣≈♣♣≈≈≈.#.
≈≈≈♣♣###
#.######PP≈≈≈♣≈P....


You could see a komodo dragon and 2 yaks.


Message History

The porcupine bites you.
* * * LOW HITPOINT WARNING * * *
You climb upwards.
There is a stone staircase leading down here.
Unknown command.
Unknown command.
Unknown command.
Unknown command.
Unknown command.
Unknown command.
Use which ability? (? or * to list)
Your shield is strengthened by the Shining One's divine power.
You feel slightly more hungry.
The porcupine twitches its whiskers.
You block the porcupine's attack. You block the yak's attack.
The yak gores you.
* * * LOW HITPOINT WARNING * * *
The komodo dragon closely misses you.
You hit the porcupine.
The porcupine is heavily wounded.
The porcupine bites you but does no damage.
The yak closely misses you. You block the yak's attack.
The komodo dragon bites you!
* * * LOW HITPOINT WARNING * * *
Unknown command.
You sock the porcupine!
You kill the porcupine!
The yak barely misses you. You block the yak's attack.
The komodo dragon bites you!!
You die...

Skill      XL: |  1  2  3  4  5  6  7  8  9 10 11 |
---------------+----------------------------------+-----
Fighting       | 4 5 6 7 8 9 10 11 | 11.2
Maces & Flails | 3 4 5 6 7 8 9 |  9.9
Invocations    | 2 4 6 7 |  7.5
Armour         | 4 6 8 |  8.7
Shields        | 4 |  4.0

Action                   |  1- 3 |  4- 6 |  7- 9 | 10-12 || total
-------------------------+-------+-------+-------+-------++-------
Melee: Flail             |   127 |   217 |   308 |   299 ||   951
       Unarmed           |       |       |    17 |       ||    17
Invok: Divine Shield     |       |     1 |     1 |     2 ||     4
Evoke: Wand              |       |       |       |     5 ||     5
  Use: Scroll            |     6 |     2 |     1 |    15 ||    24
       Potion            |       |       |     1 |       ||     1
  Eat: Chunk             |     1 |     5 |     9 |    13 ||    28
       Fruit             |       |       |     1 |       ||     1
Armor: Scale mail        |    66 |   175 |    53 |       ||   294
       Skin              |       |       |     4 |       ||     4
       Fire dragon scale |       |       |   103 |   144 ||   247
Dodge: Dodged            |    54 |   146 |   129 |    93 ||   422
Block: Buckler           |    46 |   134 |    99 |    67 ||   346
       Other             |       |       |       |     2 ||     2

Vault maps used:
D:1:      dpeg_arrival_short_road
D:2:      first_bread, minmay_hexomino_u4
D:3:      gammafunk_wand_slinger, good_gods_mini_temple, lemuel_round_altar,
          chequers_temple_overflow_minitemple, lemuel_round_altar
D:4:      cheibrodos_fertilizer, chequers_ossuary_entry_cave,
          sigmund_edmund_badplayer
D:5:      grunt_temple_overflow_opulence, lemuel_temple_firewalk_b,
          serial_shops, shop, uniq_sigmund, uniq_ijyb, uniq_menkaure
D:6:      lemuel_crystal_altar
D:7:      nemelex_dance_club_becter
D:8:      roderic_filled_cross
D:9:      regret_index_temple_of_mockery, dpeg_oklobed_lair,
          hangedman_little_slice_of_home
Lair:1:   serial_bayou, serial_bayou_crossing, serial_bayou_lagoon_a,
          serial_bayou_ford_a, serial_bayou_lake_a, serial_bayou_shore_b,
          uniq_sonja
Lair:2:   dummy_snake_entry, st_stairs_7
Ossuary:  ossuary_tomb_1

Notes
Turn   | Place    | Note
-------+----------+-------------------------------------------
     0 | D:1      | Jazqa the Gargoyle Fighter began the quest for the Orb.
     0 | D:1      | Reached XP level 1. HP: 14/14 MP: 1/1
    90 | D:1      | Reached XP level 2. HP: 19/19 MP: 2/2
   447 | D:1      | Reached skill level 4 in Fighting
   660 | D:1      | Reached XP level 3. HP: 24/24 MP: 3/3
  1121 | D:2      | Reached skill level 3 in Maces & Flails
  1187 | D:2      | Reached XP level 4. HP: 30/30 MP: 4/4
  1474 | D:3      | Found a transporter.
  1476 | D:3      | Found a transporter.
  1552 | D:3      | Found a blossoming altar of Fedhas.
  1675 | D:3      | Found a glowing silver altar of Zin.
  1675 | D:3      | Found a white marble altar of Elyvilon.
  1675 | D:3      | Found a glowing golden altar of the Shining One.
  1713 | D:3      | Became a worshipper of the Shining One
  1930 | D:3      | Found a burning altar of Makhleb.
  2165 | D:3      | Reached XP level 5. HP: 34/34 MP: 5/5
  2173 | D:3      | Found a shadowy altar of Dithmenos.
  2173 | D:3      | Found a bloodstained altar of Trog.
  2178 | D:3      | Found a sacrificial altar of Ru.
  2180 | D:3      | Found a snail-covered altar of Cheibriados.
  2182 | D:3      | Found a deep blue altar of Sif Muna.
  2274 | D:4      | Reached skill level 5 in Fighting
  2369 | D:4      | Found a sand-covered staircase.
  2387 | Ossuary  | Entered an ossuary
  2407 | Ossuary  | Reached * piety under the Shining One
  2449 | Ossuary  | Reached ** piety under the Shining One
  2464 | Ossuary  | Reached skill level 4 in Maces & Flails
  2490 | Ossuary  | Reached XP level 6. HP: 32/41 MP: 6/6
  2514 | Ossuary  | Reached *** piety under the Shining One
  2733 | Ossuary  | Reached skill level 6 in Fighting
  2742 | Ossuary  | Reached skill level 5 in Maces & Flails
  2758 | Ossuary  | Reached XP level 7. HP: 47/47 MP: 7/7
  3186 | D:4      | Reached skill level 7 in Fighting
  3219 | D:4      | Noticed Sigmund
  3225 | D:4      | Noticed Edmund
  3420 | D:4      | Reached **** piety under the Shining One
  3428 | D:4      | Reached skill level 6 in Maces & Flails
  3598 | D:4      | Killed Edmund
  3598 | D:4      | Reached XP level 8. HP: 34/54 MP: 8/8
  3602 | D:4      | Killed Sigmund
  3602 | D:4      | Reached skill level 8 in Fighting
  3775 | D:5      | Entered Level 5 of the Dungeon
  3906 | D:5      | Noticed Menkaure
  3909 | D:5      | Killed Menkaure
  3944 | D:5      | Found Qimuahaawn's General Store.
  3953 | D:5      | Reached skill level 7 in Maces & Flails
  3953 | D:5      | Reached skill level 1 in Invocations
  3961 | D:5      | Noticed Ijyb
  3979 | D:5      | Killed Ijyb
  4107 | D:5      | Found a sparkling altar of Nemelex Xobeh.
  4108 | D:5      | Found an opulent altar of Gozag.
  4154 | D:5      | Reached skill level 4 in Armour
  4154 | D:5      | Reached skill level 4 in Shields
  4154 | D:5      | Reached skill level 2 in Invocations
  4303 | D:5      | Found a staircase to the Ecumenical Temple.
  4633 | D:6      | Reached XP level 9. HP: 60/60 MP: 10/10
  4731 | D:6      | Found a hide-covered altar of Uskayaw.
  4882 | D:6      | Reached ***** piety under the Shining One
  4987 | D:7      | Reached skill level 3 in Invocations
  5041 | D:7      | Reached skill level 9 in Fighting
  5060 | D:7      | Noticed Nyarlathotep's ghost (novice HOFi)
  5084 | D:7      | Killed Nyarlathotep's ghost
  5084 | D:7      | Reached skill level 8 in Maces & Flails
  5084 | D:7      | Reached skill level 5 in Armour
  5084 | D:7      | Reached skill level 4 in Invocations
  5109 | D:7      | Found a sparkling altar of Nemelex Xobeh.
  5280 | D:7      | Reached skill level 6 in Armour
  5334 | D:7      | Reached XP level 10. HP: 67/67 MP: 13/13
  5338 | D:7      | Reached skill level 5 in Invocations
  5924 | D:8      | Reached skill level 10 in Fighting
  6638 | D:9      | Found a shimmering altar of Xom.
  6639 | D:9      | Found a hazy altar of Hepliaklqana.
  6640 | D:9      | Noticed a spectral ugly thing
  6769 | D:9      | Found a staircase to the Lair.
  6929 | D:9      | Reached skill level 9 in Maces & Flails
  6929 | D:9      | Reached skill level 7 in Armour
  6936 | D:9      | Noticed a two-headed ogre
  6951 | D:9      | Reached skill level 6 in Invocations
  6957 | D:9      | HP: 4/68 [two-headed ogre/giant club (5)]
  6958 | D:9      | Killed a two-headed ogre
  7811 | Lair:1   | Entered Level 1 of the Lair of Beasts
  7844 | Lair:1   | Identified a potion of resistance
  8222 | Lair:1   | Noticed Sonja
  8245 | Lair:1   | Reached skill level 8 in Armour
  8390 | Lair:1   | Reached XP level 11. HP: 42/73 MP: 16/16
  8740 | Lair:1   | Reached skill level 7 in Invocations
  8790 | Lair:1   | Reached skill level 11 in Fighting
  8924 | Lair:1   | Killed Sonja
  9288 | Lair:2   | Found a staircase to the Snake Pit.
  9323 | Lair:1   | Slain by a komodo dragon

Vanquished Creatures
  The ghost of Nyarlathotep the Severer, a novice HOFi of Trog (D:7)
  A two-headed ogre (D:9)
  Sonja (Lair:1)
  A komodo dragon (Lair:1)
  Sigmund (D:4)
  9 yaks
  Menkaure (D:5)
  Edmund (D:4)
  3 water moccasins (Lair:1)
  4 porcupines (Lair:1)
  2 sky beasts
  An ice beast (D:7)
  A black bear (D:8)
  An ogre (D:7)
  5 phantoms
  A centaur (D:9)
  3 crocodiles (Lair:1)
  A big kobold (D:7)
  2 elf zombies (Ossuary)
  A wyvern zombie (D:7)
  3 bullfrogs (Lair:1)
  4 scorpions
  3 wights (D:9)
  4 electric eels (Lair:1)
  5 crimson imps
  A bullfrog zombie (D:8)
  6 jellies
  2 human zombies (Ossuary)
  2 centaur zombies (Ossuary)
  6 orc priests
  2 bullfrog skeletons
  3 centaur skeletons
  A hound (D:6)
  10 orc wizards
  Ijyb (D:5)
  2 iguanas
  7 worker ants
  A big kobold zombie (Ossuary)
  A hound zombie (D:8)
  2 mummies (Ossuary)
  A worker ant zombie (D:8)
  13 adders
  3 gnolls (D:5)
  A howler monkey skeleton (D:5)
  A shadow imp (D:9)
  15 oozes
  An adder zombie (Ossuary)
  5 adder skeletons
  4 worms
  2 dart slugs
  35 orcs
  3 ball pythons
  10 giant cockroaches
  10 goblins
  4 hobgoblins
  4 jackals
  A quokka (D:5)
  5 bats
  6 frilled lizards
  10 hobgoblin zombies (Ossuary)
  A jackal skeleton (D:4)
  2 jackal zombies (Ossuary)
  17 kobolds
  7 kobold zombies (Ossuary)
  2 leopard gecko skeletons
  9 orc zombies (Ossuary)
  5 rats
  A rat zombie (Ossuary)
  A fungus (D:9)
286 creatures vanquished.

Vanquished Creatures (others)
  An ogre (D:5)
  2 fungi
  6 plants (Lair:1)
  6 toadstools (D:4)
15 creatures vanquished.

Grand Total: 301 creatures vanquished
